 Dungeon Crawl Stone Soup version 0.28-a0-803-g74956062c1 (webtiles) character file.

Game seed: 7487216332591524472

26 BinkBink the Vexing (level 2, 0/16 HPs)
             Began as a Deep Elf Enchanter on Nov 7, 2021.
             Succumbed to a goblin's poison
             ... on level 2 of the Dungeon.
             The game lasted 00:07:35 (2201 turns).

BinkBink the Vexing (Deep Elf Enchanter)            Turns: 2201, Time: 00:07:36

Health: 0/16       AC:  6    Str:  5    XL:     2   Next: 89%
Magic:  8/8        EV: 12    Int: 19    God:
Gold:   52         SH:  0    Dex: 15    Spells: 6/7 levels left

rFire   . . .      SeeInvis .   a - +1 dagger
rCold   . . .      Faith    .   (no shield)
rNeg    . . .      Spirit   .   b - +1 robe
rPois   .          Reflect  .   (no helmet)
rElec   .          Harm     .   d - +2 cloak {rCorr}
rCorr   +          Rampage  .   (no gloves)
Will    .....                   (no boots)
Stlth   +++.......              (no amulet)
HPRegen 0.05/turn               (no ring)
MPRegen 0.11/turn               (no ring)

@: lethally poisoned (0 -> -13)
A: no striking features
a: no special abilities


You were on level 2 of the Dungeon.
You visited 1 branch of the dungeon, and saw 2 of its levels.

You collected 52 gold pieces.

Inventory:

Hand Weapons
 a - a +1 dagger (weapon)
Armour
 b - a +1 robe (worn)
 d - a +2 cloak of preservation (worn)
Scrolls
 e - a scroll of noise {unknown}
Potions
 c - 2 potions of brilliance {unknown}


   Skills:
 * Level 0.7 Fighting
 - Level 1.0 Short Blades
 + Level 2.5 Dodging
 + Level 4.1 Stealth
 + Level 3.2 Spellcasting
 + Level 4.5 Hexes
 * Level 0.2 Summonings


You had 6 spell levels left.
You knew the following spells:

 Your Spells              Type           Power      Damage    Failure   Level
a - Summon Small Mammal   Summ           12%        N/A       14%         1

Your spell library contained the following spells:

 Spells                   Type           Power      Damage    Failure   Level
 Confusing Touch          Hex            20%        N/A       7%          3
 Tukima's Dance           Hex            20%        N/A       7%          3
 Ensorcelled Hibernation  Hex/Ice        22%        N/A       9%          2
 Dazzling Flash           Conj/Hex       22%        N/A       17%         3
 Summon Guardian Golem    Hex/Summ       12%        N/A       17%         3
 Call Canine Familiar     Summ           3%         N/A       38%         3


Dungeon Overview and Level Annotations

Branches:
Dungeon (2/15)

Altars:

Shops:
D:1 (


Message History

You barely miss the bat.
The bat is heavily wounded.
The bat hits you but does no damage. x2
The bat completely misses you.
You closely miss the bat.
The bat is heavily wounded.
The bat completely misses you. The bat closely misses you.
You hit the bat.
The bat is severely wounded.
The bat hits you but does no damage. The bat hits you but does no damage.
The bat barely misses you.
You barely miss the bat.
The bat is severely wounded.
The bat hits you. The bat barely misses you.
You hit the bat.
You kill the bat!
HP restored.
An endoplasm comes into view.
The goblin barely misses you.
The kobold shouts!
You hit the goblin.
The goblin is moderately wounded.
The goblin hits you but does no damage.
You are poisoned.
The kobold shouts!
You hit the goblin.
The goblin is heavily wounded.
You feel very sick.
You hear a shout!
The goblin closely misses you.
You hit the goblin but do no damage.
The goblin is heavily wounded.
You feel sick.
The goblin hits you with a +2 dagger of venom.
You are lethally poisoned!
You feel very sick.
* * * LOW HITPOINT WARNING * * *
You feel very sick.
You die...

#...# ........# ##...######
........#. ..........##
.......... ##.........##
#.#.###.# .#.#........#
#.#.....# .#.####.###.#
#.#K##... .#.# ♣.♣ #.#
##..!#...#
##.##♣♣.♣♣#.######.K#(....#
..).............@#g##.#.###
....#♣♣.♣♣######......#.#
....# ♣.♣ #..###.#.#
....###.# #........#
........# ######.###
######### .# .J ##


There were no monsters in sight!

Vanquished Creatures
  A ball python (D:1)
  3 bats
  3 endoplasms (D:1)
  6 hobgoblins
  4 kobolds (D:1)
  A frilled lizard (D:1)
  4 rats (D:1)
22 creatures vanquished.

Notes
Turn   | Place    | Note
-------+----------+-------------------------------------------
     0 | D:1      | BinkBink the Deep Elf Enchanter began the quest for the
                  | Orb.
     0 | D:1      | Reached XP level 1. HP: 10/10 MP: 6/6
   490 | D:1      | Reached XP level 2. HP: 5/15 MP: 8/8
  1411 | D:1      | Found Gudunoy's Weapon Shop.
  1886 | D:2      | Learned a level 1 spell: Summon Small Mammal
  2201 | D:2      | Succumbed to a goblin's poison

Illustrated notes

Levels and vault maps discovered:
D:1:      nicolae_arrival_washed_ashore, layout_basic, serial_shops,
          nicolae_shop_competitors_out_of_business
D:2:      layout_basic, minmay_misc_feat_room, minmay_tree_intersection,
          minmay_tromino_mix6

Skill      XL: |  1  2 |
---------------+-------+-----
Stealth        | 4 |  4.1
Fighting       | |  0.7
Short Blades   | |  1.0
Dodging        | |  2.5
Spellcasting   | |  3.2
Hexes          | |  4.5
Summonings     | |  0.2

Action                   || total
-------------------------++-------
Melee: Dagger            ||   109
  Use: Scroll            ||     1
       Potion            ||     1
 Stab: Sleeping          ||     4
Armor: Robe              ||    35
Dodge: Dodged            ||    49

Table legend: (Time is in decaauts)
 A = Elapsed time spent in this place.
 B = Non-inter-level travel time spent in this place.
 C = Inter-level travel time spent in this place.
 D = Time resting spent in this place.
 E = Time spent auto-exploring this place.
 F = Levels seen in this place.
 G = Mean time per level.
                   A        B        C        D        E       F      G
               +--------+--------+--------+--------+--------+-----+--------+
         Total |   2200 |   2191 |      9 |      0 |   1557 |   2 | 1100.0 |
       Dungeon |   2200 |   2191 |      9 |      0 |   1557 |   2 | 1100.0 |
               +--------+--------+--------+--------+--------+-----+--------+

Top non-repeatable levels by time:
     D:1: 1948 daAuts
     D:2: 251 daAuts
